 Dungeon Crawl Stone Soup version 0.29-a0-384-g6960b1960d (webtiles) character file.

Game seed: 12805238706917664194

318 lesaewzxc the Shooter (level 6, 0/36 HPs)
             Began as a Kobold Arcane Marksman on May 7, 2022.
             Was an Initiate of Ru.
             Killed from afar by an orc wizard (6 damage)
             ... with a puff of flame
             ... on level 4 of the Dungeon.
             The game lasted 00:25:21 (3857 turns).

lesaewzxc the Shooter (Kobold Arcane Marksman)      Turns: 3857, Time: 00:25:23

Health: 0/36       AC:  7    Str:  7 (8)  XL:     6   Next: 74%
Magic:  9/9        EV: 13    Int: 12 (14) God:    Ru [......]
Gold:   111        SH:  0    Dex: 17      Spells: 6/10 levels left

rFire   . . .      SeeInvis .   a - +0 shortbow
rCold   . . .      Faith    .   (shield currently unavailable)
rNeg    . . .      Spirit   .   h - +0 ring mail
rPois   .          Reflect  .   (no helmet)
rElec   .          Harm     .   i - +0 cloak
rCorr   .          Rampage  .   j - +0 pair of gloves
Will    +....                   (no boots)
Stlth   ++........              (no amulet)
HPRegen 0.12/turn               e - ring of willpower
MPRegen 0.11/turn               (no ring)

@: no status effects
A: small, no large weapons, nightstalker 3
a: Renounce Religion


You were on level 4 of the Dungeon.
You worshipped Ru.
Ru was noncommittal.
You visited 1 branch of the dungeon, and saw 4 of its levels.

You collected 111 gold pieces.

Inventory:

Hand Weapons
 a - a +0 shortbow (weapon)
Armour
 b - a +0 robe
 h - a +0 ring mail (worn)
 i - a +0 cloak (worn)
 j - a +0 pair of gloves (worn)
Jewellery
 e - a ring of willpower (left hand)
Scrolls
 c - a scroll of blinking
 d - a scroll of fog


   Skills:
 + Level 2.9 Fighting
 * Level 4.2 Bows
 + Level 3.7 Dodging
 + Level 2.6 Spellcasting
 + Level 3.9 Hexes


You had 6 spell levels left.
You knew the following spells:

 Your Spells              Type           Power      Damage    Failure   Level
a - Slow                  Hex            40%        N/A       19%         1
b - Inner Flame           Hex/Fire       6%         N/A       77%         3

Your spell library contained the following spells:

 Spells                   Type           Power      Damage    Failure   Level
 Portal Projectile        Hex/Tloc       12%        N/A       77%         3
 Cause Fear               Hex            5%         N/A       88%         4


Dungeon Overview and Level Annotations

Branches:
Dungeon (4/15)
 Temple: D:4-7

Altars:
Ru
Xom
The Shining One


Innate Abilities, Weirdness & Mutations

You are small and have problems with some larger weapons.
You are completely attuned to the shadows.


Message History

The puff of flame hits you!
* * * LOW HITPOINT WARNING * * *
Something hits you but does no damage.
You climb upwards.
Reactivating autopickup.
There is a stone staircase leading down here.
Something hits you but does no damage.
Deactivating autopickup; reactivate with Ctrl-A.
Something barely misses you.
There is a stone staircase leading down here.
Something hits you but does no damage.
You climb downwards.
Reactivating autopickup.
There is a stone staircase leading up here.
Something hits you but does no damage.
Deactivating autopickup; reactivate with Ctrl-A.
You see here a +0 club.
Something hits you but does no damage.
Shoot: a) +0 shortbow
Press: ? - help, Shift-Dir - straight line You shoot an arrow.
Something hits you but does no damage.
Shoot: a) +0 shortbow
Press: ? - help, Shift-Dir - straight line You shoot an arrow.
You hear some strange, mumbled words.
A magic dart appears from out of thin air!
The magic dart hits you but does no damage.
Something hits you.
* * * LOW HITPOINT WARNING * * *
Shoot: a) +0 shortbow
Press: ? - help, Shift-Dir - straight line You shoot an arrow.
Something hits you but does no damage.
Unknown command.
Shoot: a) +0 shortbow
Press: ? - help, Shift-Dir - straight line You shoot an arrow.
You hear some strange, mumbled words.
A puff of flame appears from out of thin air!
The puff of flame hits you.
You die...

.# #.# #.# #. ...###.# #.# #.
#.....#.# #.# #.
##...#.#.####.# #.
#......[......####.
#..###.#........... #...#.#
#.#......####.####### ....#.#
#.#......# #.# ...#.#
#.#.@{)<.# #.#
.###.#.######.#......# #.####
...................######....#
.................#.#...###...#
####.#...........#.#.8.# #...#
...#.#.########.####...###.⌠.#
##'###'###......#.{..........#
#..........####.#.<........###
#........##...o.#..........#


There were no monsters in sight!

Vanquished Creatures
  A jelly (D:2)
  2 orc priests (D:3)
  A hound (D:4)
  An orc wizard (D:3)
  5 gnolls
  4 adders
  A river rat (D:3)
  A worm (D:3)
  8 orcs
  8 endoplasms
  2 giant cockroaches
  4 goblins
  8 hobgoblins
  3 jackals (D:3)
  2 quokkas
  6 ball pythons
  2 bats
  A frilled lizard (D:3)
  3 kobolds
  8 rats
71 creatures vanquished.

Vanquished Creatures (collateral kills)
  A hobgoblin (D:3)
1 creature vanquished.

Vanquished Creatures (others)
  An orc wizard (D:4)
1 creature vanquished.

Grand Total: 73 creatures vanquished

Notes
Turn   | Place    | Note
-------+----------+-------------------------------------------
     0 | D:1      | lesaewzxc the Kobold Arcane Marksman began the quest for
                  | the Orb.
     0 | D:1      | Reached XP level 1. HP: 12/12 MP: 2/2
   216 | D:1      | Reached XP level 2. HP: 16/16 MP: 3/3
   250 | D:1      | Reached XP level 3. HP: 11/20 MP: 1/5
  1142 | D:2      | Reached XP level 4. HP: 26/26 MP: 4/6
  1194 | D:2      | Reached skill level 3 in Bows
  1344 | D:2      | Reached XP level 5. HP: 10/30 MP: 5/8
  2207 | D:3      | Found a glowing drain.
  2403 | D:3      | Learned a level 3 spell: Inner Flame
  2478 | D:3      | Reached XP level 6. HP: 19/36 MP: 7/9
  3012 | D:3      | Found a sacrificial altar of Ru.
  3084 | D:3      | Reached skill level 4 in Bows
  3246 | D:3      | Became a worshipper of Ru the Awakened
  3284 | D:3      | Found a glowing golden altar of the Shining One.
  3457 | D:4      | Found a shimmering altar of Xom.
  3857 | D:4      | Killed from afar by an orc wizard

Illustrated notes

Levels and vault maps discovered:
D:1:      onia_arrival_pentagram, layout_basic
D:2:      layout_loops_ring, serial_shops, shop
D:3:      layout_rooms, tso_altar, nicolae_ru_awakened_eye,
          gup_sewer_entry_spiral, shapermc_ecumenical_altar_totnotflames
D:4:      layout_basic, xom_teletrap_fun, mainiacjoe_overflow_alcove_1,
          nicolae_elevator_lobby_asterisk

Skill      XL: |  1  2  3  4  5  6 |
---------------+-------------------+-----
Fighting       | 2 |  2.9
Bows           | 3 4 |  4.2
Dodging        | 3 |  3.7
Spellcasting   | 2 |  2.6
Hexes          | |  3.9

Action                   |  1- 3 |  4- 6 || total
-------------------------+-------+-------++-------
 Fire: Shortbow          |    47 |   186 ||   233
 Cast: Slow              |     3 |     8 ||    11
  Use: Scroll            |     2 |     5 ||     7
       Potion            |     2 |     7 ||     9
Armor: Robe              |     1 |       ||     1
       Ring mail         |     5 |   118 ||   123
Dodge: Dodged            |    24 |   194 ||   218

Table legend: (Time is in decaauts)
 A = Elapsed time spent in this place.
 B = Non-inter-level travel time spent in this place.
 C = Inter-level travel time spent in this place.
 D = Time resting spent in this place.
 E = Time spent auto-exploring this place.
 F = Levels seen in this place.
 G = Mean time per level.
                   A        B        C        D        E       F      G
               +--------+--------+--------+--------+--------+-----+--------+
         Total |   3978 |   3978 |      0 |      0 |    305 |   4 |  994.5 |
       Dungeon |   3978 |   3978 |      0 |      0 |    305 |   4 |  994.5 |
               +--------+--------+--------+--------+--------+-----+--------+

Top non-repeatable levels by time:
     D:3: 1558 daAuts
     D:1: 1003 daAuts
     D:2: 862 daAuts
     D:4: 554 daAuts
